 Dungeon Crawl Stone Soup version 0.24.0-123-gd5b16e6ec5 (webtiles) character file.

Game seed: 2547844961250234849, levelgen mode: deterministic

63 AuftragZ the Charmwright (level 3, 0/30 HPs)
             Began as a Draconian Skald on Jan 18, 2020.
             Slain by Sigmund
             ... wielding a +0 scythe
              (2 damage)
             ... on level 2 of the Dungeon.
             The game lasted 00:15:07 (1820 turns).

AuftragZ the Charmwright (Draconian Skald)          Turns: 1820, Time: 00:15:08

Health: 0/30       AC:  5    Str: 13    XL:     3   Next: 87%
Magic:  6/6        EV: 12    Int: 14    God:
Gold:   81         SH:  0    Dex: 10    Spells: 5/6 levels left

rFire    . . .     SeeInvis .   a - +0 mace
rCold    . . .     Gourm    .   (no shield)
rNeg     . . .     Faith    .   (armour unavailable)
rPois    .         Spirit   .   (helmet restricted)
rElec    .         Reflect  .   (no cloak)
rCorr    +         Harm     +   (no gloves)
MR       .....                  (no boots)
Stlth    +.........             d - amulet of harm
HPRegen  0.10/turn              h - ring of resist corrosion
MPRegen  0.10/turn              i - ring of flight

@: very slightly contaminated, invisible
A: unfitting armour, cold-blooded, AC +5
a: Evoke Flight


You were on level 2 of the Dungeon.
You were not hungry.

You visited 1 branch of the dungeon, and saw 2 of its levels.

You collected 81 gold pieces.

Inventory:

Hand Weapons
 a - a +0 mace (weapon)
Missiles
 b - 7 poisoned darts (quivered)
Jewellery
 d - an amulet of harm (around neck)
 h - a ring of resist corrosion (left hand)
 i - a ring of flight (right hand)
Scrolls
 f - a scroll of amnesia {unknown}
Comestibles
 c - 3 rations
 j - 4 chunks of flesh


   Skills:
 + Level 2.4 Fighting
 + Level 2.5 Maces & Flails
 + Level 0.2 Throwing
 + Level 2.6 Dodging
 + Level 0.8 Stealth
 + Level 2.2 Spellcasting
 + Level 3.3 Charms


You had 5 spell levels left.
You knew the following spells:

 Your Spells              Type           Power        Failure   Level  Hunger
a - Infusion              Chrm           ##..         6%          1    #......

Your spell library contained the following spells:

 Spells                   Type           Power        Failure   Level  Hunger
 Song of Slaying          Chrm           ##......     9%          2    ###....
 Shroud of Golubria       Chrm/Tloc      #.....       19%         2    ###....
 Regeneration             Chrm/Necr      #.........   34%         3    ###....
 Spectral Weapon          Hex/Chrm       #.......     34%         3    ###....


Dungeon Overview and Level Annotations

Branches:
Dungeon (2/15)

Altars:

Annotations:
D:1 1 exclusion
D:2 Sigmund


Innate Abilities, Weirdness & Mutations

Your plain brown scales are hard. (AC +5)
You cannot fit into any form of body armour.
You are cold-blooded and may be slowed by cold attacks.


Message History

The magic dart hits you.
* * * LOW HITPOINT WARNING * * *
You miss something.
Your tail-slap misses something.
Something barely misses you.
You hit something. Something hits you but does no damage.
You hit something.
You fade into invisibility!
Something barely misses you.
You are very lightly contaminated with residual magic.
Some of the chunks of flesh in your inventory have rotted away.
You start resting.
Something barely misses you.
There is a strange disturbance nearby!
You start resting.
You hear some strange, mumbled words.
A puff of flame appears from out of thin air!
The puff of flame misses you.
You start resting.
Something hits you.
You die...

####............#
.....)..........#
####............## #
###...........## #
#.........##.########
###.......##.........
######.###.#######.
#........>#
#.>.@....(#
########..(((...
##.###### .# .. ###


There were no monsters in sight!

Vanquished Creatures
  Jessica (D:2)
  A worm (D:2)
  A dart slug (D:2)
  A leopard gecko (D:1)
  3 giant cockroaches
  3 goblins
  5 hobgoblins
  A jackal (D:1)
  6 kobolds
  4 bats (D:1)
  3 rats
29 creatures vanquished.

Notes
Turn   | Place    | Note
-------+----------+-------------------------------------------
     0 | D:1      | AuftragZ the Draconian Skald began the quest for the Orb.
     0 | D:1      | Reached XP level 1. HP: 17/17 MP: 3/3
   392 | D:1      | Reached skill level 3 in Charms
   614 | D:1      | Reached XP level 2. HP: 20/24 MP: 5/5
  1385 | D:2      | Noticed Jessica
  1397 | D:2      | Killed Jessica
  1397 | D:2      | Reached XP level 3. HP: 25/30 MP: 6/6
  1787 | D:2      | Noticed Sigmund
  1803 | D:2      | HP: 1/30 [something/magic dart (3)]
  1820 | D:2      | Slain by Sigmund

Levels and vault maps discovered:
D:1:      dpeg_arrival_pits, layout_loops_corners, st_stairs_8
D:2:      layout_loops_ring, uniq_jessica, uniq_sigmund

Skill      XL: |  1 |
---------------+----+-----
Charms         | 3 |  3.3
Fighting       | |  2.4
Maces & Flails | |  2.5
Throwing       | |  0.2
Dodging        | |  2.6
Stealth        | |  0.8
Spellcasting   | |  2.2

Action                   || total
-------------------------++-------
Melee: Mace              ||    98
       Tailslap          ||     8
Throw: Dart              ||    20
  Use: Scroll            ||     2
       Potion            ||     3
 Stab: Sleeping          ||     1
  Eat: Chunk             ||     3
Armor: Skin              ||    38
Dodge: Dodged            ||    94
